 Dungeon Crawl Stone Soup version 0.27.0-1-g7a089689b8 (webtiles) character file.

Game seed: 5776190671785013066

32 Dann the Insei (level 2, 0/22 HPs)
             Began as a Demigod Transmuter on Aug 9, 2021.
             Slain by a jackal (1 damage)
             ... on level 1 of the Dungeon.
             The game lasted 00:02:55 (648 turns).

Dann the Insei (Demigod Transmuter)                  Turns: 648, Time: 00:02:56

Health: 0/22       AC:  2    Str: 11    XL:     2   Next: 96%
Magic:  7/7        EV: 12    Int: 15    God:
Gold:   44         SH:  0    Dex: 14    Spells: 4/5 levels left

rFire    . . .     SeeInvis .     - Unarmed
rCold    + . .     Faith    .   (no shield)
rNeg     . . .     Spirit   .   a - +0 robe
rPois    .         Reflect  .   (no helmet)
rElec    .         Harm     .   (no cloak)
rCorr    .         Rampage  .   (no gloves)
Will     .....                  (no boots)
Stlth    +.........             (no amulet)
HPRegen  0.07/turn              d - ring of protection from cold
MPRegen  0.10/turn              (no ring)

@: no status effects
A: high mp 1, forlorn
a: no special abilities


You were on level 1 of the Dungeon.
You visited 1 branch of the dungeon, and saw 1 of its levels.

You collected 44 gold pieces.

Inventory:

Armour
 a - a +0 robe (worn)
Jewellery
 d - a ring of protection from cold (left hand)
Scrolls
 c - a scroll of amnesia {unknown}
 f - a scroll of identify {unknown}
 g - a scroll of teleportation {unknown}
Potions
 b - a potion of lignification {unknown}
 e - a potion of might {unknown}


   Skills:
 + Level 0.8 Fighting
 + Level 2.2 Dodging
 + Level 3.1 Unarmed Combat
 + Level 2.2 Spellcasting
 + Level 2.0 Transmutations


You had 4 spell levels left.
You knew the following spells:

 Your Spells              Type           Power      Damage    Failure   Level
a - Beastly Appendage     Tmut           14%        N/A       10%         1

Your spell library contained the following spells:

 Spells                   Type           Power      Damage    Failure   Level
 Wereblood                Tmut           7%         N/A       14%         2
 Spider Form              Tmut/Pois      2%         N/A       41%         3
 Ice Form                 Ice/Tmut       4%         N/A       82%         4


Dungeon Overview and Level Annotations

Branches:
Dungeon (1/15)

Shops:
D:1 [


Innate Abilities, Weirdness & Mutations

Your attributes grow dramatically as you level up.
You have an increased reservoir of magic. (+10% MP)
You shall have no god before yourself.


Message History

The jackal bites you but does no damage.
The jackal closely misses you.
You hit the jackal.
The jackal is heavily wounded.
The jackal barely misses you. The jackal misses you.
The jackal closely misses you.
Your transformation is almost over.
The jackal bites you.
You hit the jackal. You claw the jackal.
You kill the jackal!
You hit the jackal.
You kill the jackal!
The jackal barely misses you.
You barely miss the jackal. Your headbutt misses the jackal.
You hit the jackal but do no damage. You headbutt the jackal.
You kill the jackal!
The jackal bites you.
* * * LOW HITPOINT WARNING * * *
You hit the jackal but do no damage.
The jackal bites you but does no damage.
You hit the jackal. Your kick misses the jackal.
The jackal is almost dead.
The jackal closely misses you.
You barely miss the jackal. Your kick misses the jackal.
The jackal is almost dead.
A jackal comes into view.
The jackal bites you.
* * * LOW HITPOINT WARNING * * *
The jackal barks!
The jackal barely misses you.
You barely miss the jackal. You claw the jackal, but do no damage.
You headbutt the jackal.
You kill the jackal!
Your horns disappear.
Your talons disappear.
The jackal bites you.
* * * LOW HITPOINT WARNING * * *
You closely miss the jackal.
A jackal comes into view.
The jackal bites you.
You die...

.........#
#..........#..#...#
.........#
#..........#.#.#.#.
#...###..........##..#.#.
##...##.....>....#####.##
#.#.###........## #.#+#
#...##..........###...#
###.)#..........##...##
#.h#..............##
##.†h@............#
#.#†..)......#####
#######.##.........########
#...................)......
#.#####.###...##.#########.
#.# #.# #(.....# #####..
#.# #.# #...#######.....#
#.# #.###...# ##...(#####
##.# #.##....###..####


You could see 2 jackals.

Vanquished Creatures
  3 ball pythons (D:1)
  3 endoplasms (D:1)
  2 giant cockroaches (D:1)
  3 goblins (D:1)
  6 jackals (D:1)
  2 kobolds (D:1)
  4 bats (D:1)
  2 frilled lizards (D:1)
  3 rats (D:1)
28 creatures vanquished.

Notes
Turn   | Place    | Note
-------+----------+-------------------------------------------
     0 | D:1      | Dann the Demigod Transmuter began the quest for the Orb.
     0 | D:1      | Reached XP level 1. HP: 15/15 MP: 5/5
   172 | D:1      | Found Xuzxirgh's Antique Armour Shoppe.
   271 | D:1      | Reached skill level 3 in Unarmed Combat
   271 | D:1      | Reached XP level 2. HP: 22/22 MP: 5/7
   647 | D:1      | HP: 1/22 [jackal (1)]
   648 | D:1      | Slain by a jackal

Illustrated notes

Levels and vault maps discovered:
D:1:      nzn_arrival_crosshair, layout_rooms, serial_shops,
          nicolae_shop_overgrown_old_shop

Skill      XL: |  1  2 |
---------------+-------+-----
Spellcasting   | 2 |  2.2
Dodging        | 2 |  2.2
Unarmed Combat | 3 |  3.1
Transmutations | 2 |  2.0
Fighting       | |  0.8

Action                   || total
-------------------------++-------
Melee: Unarmed           ||    84
       Kick              ||    17
       Headbutt          ||    10
       Punch             ||     1
 Cast: Beastly Appendage ||    12
Armor: Robe              ||    17
Dodge: Dodged            ||    78
